Map: King Sejong Station LE

Players

Amix

  • Race: Zerg Zerg
  • League: Platinum
  • Spawn Location: 11:00

TarNessE - Winner!

  • Race: Zerg Zerg
  • League: Platinum
  • Spawn Location: 5:00

VOD

Have the link to the VOD?

Description

Time

  • Played on: Nov. 12, 2016, 6:31 a.m.
  • Length: 5:18
Show
View Real Time Build Order
Export as new Build Order

Amix Zerg 

Build Orders: Pool First 

Get SALT Encoding   

  12  0:01  Drone  
  13  0:08  Drone  
  14  0:15  Extractor  
  14  0:18  Drone  
  14  0:34  Spawning Pool  
  13  0:41  Overlord  
  13  0:47  Drone  
  14  1:00  Drone x2  
  16  1:05  Drone  
  17  1:16  Evolution Chamber  
  17  1:18  Drone  
  17  1:27  Spine Crawler  
  17  1:29  Zergling x2  
  17  1:37  Drone  
  18  1:43  Zerg Melee Weapons Level 1  
  18  1:52  Metabolic Boost  
  18  1:59  Drone  
  18  2:00  Zergling x2  
  20  2:08  Queen  
  22  2:17  Overlord  
  22  2:40  Zergling x2  
  22  2:42  Hatchery  
  22  2:44  Zergling x2  
  23  2:45  Zergling x2  
  24  2:53  Zergling x2  
  25  3:09  Zergling x2  
  26  3:24  Zergling x6  
  26  3:25  Zergling x2  
  28  3:40  Zergling x2  
  27  3:53  Zergling x2  
  28  4:00  Zergling x4  
  29  4:14  Zergling x2  
  29  4:15  Zergling x2  
  25  4:32  Baneling Nest, Zergling x8  
  25  4:38  Zergling x2  
  28  4:49  Zergling x2  
Show
View Real Time Build Order
Export as new Build Order

TarNessE Zerg - Winner!

Build Orders: Pool First 

Get SALT Encoding   

  12  0:05  Drone  
  13  0:13  Extractor  
  12  0:18  Drone  
  13  0:30  Spawning Pool  
  13  0:35  Drone  
  13  0:43  Drone  
  14  0:53  Overlord  
  14  1:19  Metabolic Boost  
  14  1:31  Hatchery  
  13  1:42  Queen  
  15  1:47  Zergling x2  
  15  1:51  Zergling x2  
  17  2:01  Zergling x4  
  19  2:16  Zergling x2  
  20  2:29  Zergling x2  
  21  2:35  Overlord  
  21  2:47  Zergling x4  
  23  2:55  Zergling x10  
  28  3:28  Drone x3  
  28  3:29  Baneling Nest  
  30  3:55  Zergling x12  
  36  4:00  Overlord  
  33  4:17  Zergling x8  
  36  4:34  Baneling  
  36  4:35  Baneling x5  
Tags
 
Add a new tag
Caveats
  • Supply blocks, unpowered buildings, or Contaminate may cause inaccurate times.
  • Supply counts are checked every 10 seconds.